 Dungeon Crawl Stone Soup version 0.21-a0-578-gc6e9d75 (webtiles) character file.

1381 M4edhros the Insei (level 8, 0/52 HPs)
             Began as an Octopode Necromancer on Dec 18, 2017.
             Was an Initiate of Cheibriados.
             Slain by a boggart (2 damage)
             ... in the Ecumenical Temple.
             The game lasted 00:18:58 (2478 turns).

M4edhros the Insei (Octopode Necromancer)           Turns: 2478, Time: 00:18:59

Health: 0/52       AC:  1    Str:  9    XL:     8   Next: 67%
Magic:  3/11       EV: 16    Int: 18    God:    Cheibriados [......]
Gold:   161        SH:  0    Dex: 15    Spells: 2/11 levels left

rFire    . . .     SeeInvis .     - Unarmed
rCold    . . .     Gourm    .   (no shield)
rNeg     . . .     Faith    .   (helmet restricted)
rPois    .         Spirit   .   (no amulet)
rElec    .         Reflect  .   e - ring of resist corrosion
rCorr    +         Harm     .   l - +1 ring of slaying
MR       .....                  (no ring)
Stlth    ++++......             (no ring)
HPRegen  1.17/turn              (no ring)
MPRegen  0.12/turn              (no ring)
                                (no ring)
                                (no ring)

@: lethally poisoned (0 -> 0), about to teleport, regenerating, very slow
A: almost no armour, stealthy swim, amphibious, 8 rings, constrict 8, camouflage
1, gelatinous body 1
a: Bend Time, Renounce Religion


You were in the Ecumenical Temple.
You worshipped Cheibriados.
Cheibriados was noncommittal.
You were not hungry.

You visited 2 branches of the dungeon, and saw 9 of its levels.

You collected 161 gold pieces.

Inventory:

Hand Weapons
 f - a +0 hunting sling
 j - a +0 dagger of protection
 m - the +2 falchion of Evisceration {speed, *Drain +Fly rElec Dex+2}
   (You found it on level 8 of the Dungeon)

   Attacks with this weapon are significantly faster.
   It affects your dexterity (+2).
   It insulates you from electricity.
   It lets you fly.
   It causes draining when unequipped.
   Cheibriados disapproves of the use of such an item.
Missiles
 g - 40 stones (quivered)
Jewellery
 e - a ring of resist corrosion (left tentacle)
 l - a +1 ring of slaying (right tentacle)
Wands
 h - a wand of polymorph (9)
Scrolls
 d - 2 scrolls of teleportation
 k - a scroll of enchant weapon
 n - 2 scrolls of enchant armour
 o - a scroll of amnesia {unknown}
 p - 2 scrolls of identify
Potions
 i - a potion of haste
Books
 a - a book of Necromancy

   Spells                             Type                      Level
   a - Pain                           Necromancy                   1
   b - Animate Skeleton               Necromancy                   1
   c - Vampiric Draining              Necromancy                   3
   d - Regeneration                   Charms/Necromancy            3
   e - Animate Dead                   Necromancy                   4
   f - Control Undead                 Necromancy                   4
Comestibles
 b - 7 rations
 c - a chunk of flesh


   Skills:
 + Level 3.0 Fighting
 * Level 5.0 Dodging
 + Level 5.3 Stealth
 * Level 7.5 Unarmed Combat
 - Level 2.0 Spellcasting
 - Level 2.0 Charms
 - Level 4.0 Necromancy


You had 2 spell levels left.
You knew the following spells:

 Your Spells              Type           Power        Failure   Level  Hunger
a - Pain                  Necr           ###.         3%          1    #......
b - Regeneration          Chrm/Necr      ##........   16%         3    ###....
c - Animate Skeleton      Necr           N/A          3%          1    #......
d - Animate Dead          Necr           N/A          34%         4    #####..


Dungeon Overview and Level Annotations

Branches:
Dungeon (8/15)             Temple (1/1) D:7
   Lair: D:8-11

Altars:
Ashenzari
Cheibriados
Dithmenos
Elyvilon
Fedhas
Gozag
Hepliaklqana
Makhleb
Nemelex Xobeh
Okawaru
Qazlal
Ru
Sif Muna
Trog
Uskayaw
Vehumet
Wu Jian
Xom
Yredelemnul
The Shining One

Shops:
D:7 =


Innate Abilities, Weirdness & Mutations

You cannot wear most types of armour.
You are very stealthy in the water. (Stealth+)
You are amphibious.
You can wear up to eight rings at the same time.
You can use your tentacles to constrict eight enemies at once.
Your skin changes colour to match your surroundings (Stealth+).
Your rubbery body absorbs attacks. (AC +1, EV +1)


Message History

You tentacle-slap the boggart.
The boggart is lightly wounded.
* * * LOW HITPOINT WARNING * * *
You feel sick. The boggart hits you.
* * * LOW HITPOINT WARNING * * *
Casting: Regeneration
Confirm with . or Enter, or press ? or * to list all spells.
Your skin crawls.
You feel sick. The boggart closely misses you.
You tentacle-slap the boggart. You grab the boggart.
The boggart is heavily wounded.
You constrict the boggart.
You feel sick.
The boggart mumbles some strange words.
The boggart flickers and vanishes!
Deactivating autopickup; reactivate with Ctrl-A.
Okay, then.
As you read the scroll of teleportation, it crumbles to dust.
You feel strangely unstable.
You constrict something.
You feel sick. Something barely misses you.
You release your grip on something.
You feel sick. Something hits you.
You die...

≈≈≈≈≈≈≈...≈≈≈≈≈≈
≈≈≈≈≈≈≈...≈≈≈≈≈≈
≈≈≈≈≈≈≈...≈≈≈≈≈≈
≈≈≈≈≈≈≈...≈≈≈≈≈≈
≈≈≈≈≈≈≈...≈≈≈≈≈≈
≈≈≈≈≈≈.....≈≈≈≈≈
................
................
..⌠....@{.....⌠.
................
................
≈≈≈≈≈≈≈≈≈≈≈≈≈≈≈≈
≈≈≈≈≈≈≈≈≈≈≈≈≈≈≈≈
≈≈≈≈≈≈≈≈≈≈≈≈≈≈≈≈
≈≈≈≈≈≈≈≈≈≈≈≈≈≈≈≈
≈≈≈≈≈≈≈≈≈≈≈≈≈≈≈≈


There were no monsters in sight!

Vanquished Creatures
  An orc warrior (D:7)
  2 ogres
  2 centaurs
  A big kobold (D:3)
  A bullfrog (D:6)
  7 killer bees
  2 crimson imps
  A hound (D:7)
  A quasit (D:8)
  2 orc priests (D:8)
  4 orc wizards
  2 iguanas
  2 worker ants
  A howler monkey zombie (D:6)
  5 adders
  2 worms
  A leopard gecko (D:2)
  14 orcs
  A bat (D:3)
  2 giant cockroaches
  4 goblins
  A hobgoblin (D:2)
  5 jackals (D:6)
  6 kobolds
  2 frilled lizards
  A quokka skeleton (D:6)
  2 rats
75 creatures vanquished.

Vanquished Creatures (collateral kills)
  A bullfrog (D:6)
  A crimson imp (D:4)
  2 orcs (D:4)
  2 jackals (D:6)
6 creatures vanquished.

Grand Total: 81 creatures vanquished

Notes
Turn   | Place    | Note
-------+----------+-------------------------------------------
     0 | D:1      | M4edhros the Octopode Necromancer began the quest for the Orb.
     0 | D:1      | Reached XP level 1. HP: 11/11 MP: 3/3
    62 | D:1      | Reached skill level 1 in Unarmed Combat
   108 | D:2      | Reached XP level 2. HP: 11/17 MP: 1/5
   131 | D:2      | Reached skill level 2 in Unarmed Combat
   306 | D:3      | Reached XP level 3. HP: 12/21 MP: 6/6
   323 | D:3      | Learned a level 3 spell: Regeneration
   433 | D:3      | Noticed a big kobold
   448 | D:3      | Killed a big kobold
   448 | D:3      | Reached skill level 4 in Unarmed Combat
   448 | D:3      | Reached XP level 4. HP: 27/27 MP: 7/7
   470 | D:3      | You fall through a shaft for 3 floors!
   504 | D:6      | Reached XP level 5. HP: 19/31 MP: 3/8
   556 | D:6      | Learned a level 1 spell: Animate Skeleton
   569 | D:6      | Found a burning altar of Makhleb.
   569 | D:6      | Noticed an ogre
   576 | D:6      | Killed an ogre
   576 | D:6      | Reached skill level 5 in Unarmed Combat
   587 | D:6      | Reached XP level 6. HP: 21/36 MP: 3/9
   613 | D:5      | Entered Level 5 of the Dungeon
   627 | D:5      | Found a hide-covered altar of Uskayaw.
   821 | D:4      | Found a blossoming altar of Fedhas.
   854 | D:4      | Reached skill level 6 in Unarmed Combat
   862 | D:4      | Reached skill level 1 in Fighting
   935 | D:4      | Found an ornate altar of the Wu Jian Council.
  1155 | D:5      | Found a stormy altar of Qazlal.
  1245 | D:5      | Reached XP level 7. HP: 39/43 MP: 6/10
  1344 | D:5      | Found a glowing golden altar of the Shining One.
  1349 | D:5      | Found an iron altar of Okawaru.
  1441 | D:6      | Reached skill level 1 in Charms
  1564 | D:6      | Found a sacrificial altar of Ru.
  1847 | D:7      | Reached XP level 8. HP: 28/50 MP: 3/11
  1979 | D:8      | Got a crude falchion
  1994 | D:8      | Reached skill level 7 in Unarmed Combat
  2090 | D:7      | Found Taxuh's Jewellery Boutique.
  2200 | D:7      | Identified the +2 falchion of Evisceration {speed, *Drain +Fly rElec Dex+2} (You found it on level 8 of the Dungeon)
  2232 | D:7      | Reached skill level 5 in Stealth
  2255 | D:7      | Learned a level 4 spell: Animate Dead
  2368 | D:7      | Found a staircase to the Ecumenical Temple.
  2377 | Temple   | Entered the Ecumenical Temple
  2404 | Temple   | Became a worshipper of Cheibriados the Contemplative
  2460 | D:7      | Reached skill level 5 in Dodging
  2474 | Temple   | HP: 2/52 [boggart (2)]
  2478 | Temple   | Slain by a boggart

Vault maps used:
D:1:      sevenhm_arrival_forest_fort_large_4
D:2:      first_ration
D:3:      gup_sewer_entry_bowl
D:4:      fedhas_altar_3, kennysheep_mini_moat, hangedman_abyss_or_decor_stagger
D:5:      lemuel_coloured_pillars_altar, lemuel_round_altar, minitemple,
          kennysheep_little_box, serial_shops,
          nicolae_shop_competitors_out_of_business, grunt_dithmenos_smoke,
          uniq_pikel
D:6:      overflow_temple_1_default, lemuel_doored_altar
D:7:      minmay_temple_entry_large_hall, serial_shops, shop
D:8:      kennysheep_mini
Temple:   minmay_temple_bridge_abc

Skill      XL: |  1  2  3  4  5  6  7  8 |
---------------+-------------------------+-----
Unarmed Combat | 1 2 4 5 6 7 |  7.5
Stealth        | 3 4 5 |  5.3
Fighting       | 1 2 3 |  3.0
Dodging        | 3 5 |  5.0
Charms         | 1 2 |  2.0
Spellcasting   | |  2.0
Necromancy     | |  4.0

Action                   |  1- 3 |  4- 6 |  7- 9 || total
-------------------------+-------+-------+-------++-------
Melee: Unarmed           |    32 |    62 |   144 ||   238
       Constrict         |     3 |    14 |    24 ||    41
       Tentacles         |     2 |    14 |    14 ||    30
       Punch             |       |     3 |     2 ||     5
 Fire: Hunting sling     |     7 |       |       ||     7
 Cast: Pain              |     8 |    10 |     2 ||    20
       Regeneration      |     1 |    10 |    23 ||    34
       Animate Skeleton  |       |     6 |    12 ||    18
       Animate Dead      |       |       |     1 ||     1
Evoke: Wand              |       |       |     3 ||     3
  Use: Potion            |     3 |     1 |     8 ||    12
       Scroll            |       |       |     9 ||     9
 Stab: Sleeping          |     2 |     1 |     2 ||     5
  Eat: Chunk             |       |     3 |     9 ||    12
Armor: Skin              |    13 |     3 |    64 ||    80
Dodge: Dodged            |     7 |    34 |   107 ||   148

Table legend:
 A = Spawn XP
 B = Non-spawn XP
 C = Spawn XP percentage of total XP
 D = Spawn monster count
 E = Non-spawn monster count
 F = Spawn count percentage of total count
 G = Total turns spent on level
                    A         B        C        D         E        F      G
               +---------+---------+-------+---------+---------+-------+---------
         Total |       0 |    1974 |   0.0 |       0 |      81 |   0.0 |  2478
               +---------+---------+-------+---------+---------+-------+---------
           D:1 |       0 |       9 |   0.0 |       0 |       6 |   0.0 |   105
           D:2 |       0 |      16 |   0.0 |       0 |       9 |   0.0 |   188
           D:3 |       0 |     124 |   0.0 |       0 |       6 |   0.0 |   177
           D:4 |       0 |     225 |   0.0 |       0 |      11 |   0.0 |   352
           D:5 |       0 |     115 |   0.0 |       0 |       2 |   0.0 |   418
           D:6 |       0 |     389 |   0.0 |       0 |      16 |   0.0 |   406
           D:7 |       0 |     712 |   0.0 |       0 |      21 |   0.0 |   450
           D:8 |       0 |     325 |   0.0 |       0 |       9 |   0.0 |   296
        Temple |       0 |      59 |   0.0 |       0 |       1 |   0.0 |    86
               +---------+---------+-------+---------+---------+-------+---------
